 Dungeon Crawl Stone Soup version 0.29.1-1-gd02db6906a (webtiles) character file.

Game seed: 1073615301012827266

3301 Ashen the Firebug (level 9, -4/65 HPs)
             Began as a Demonspawn Fire Elementalist on Oct 12, 2022.
             Was a Follower of Vehumet.
             Slain by a vampire (6 damage)
             ... on level 8 of the Dungeon.
             The game lasted 00:26:38 (10819 turns).

Ashen the Firebug (Demonspawn Fire Elementalist)   Turns: 10819, Time: 00:26:38

Health: -4/65      AC: 18    Str:  9    XL:     9   Next: 70%
Magic:  13/27      EV: 13    Int: 29    God:    Vehumet [*.....]
Gold:   399        SH:  5    Dex: 14    Spells: 13/20 levels left

rFire   . . .      SeeInvis .   F - +4 lajatang "Poveasugg" {protect, Contam rElec MP+9}
rCold   . . .      Faith    .   (shield currently unavailable)
rNeg    . . .      Spirit   .   u - +1 leather armour {rPois}
rPois   +          Reflect  +   s - +1 helmet {Int+3}
rElec   +          Harm     .   m - +2 cloak {Will+}
rCorr   .          Rampage  .   (no gloves)
Will    +....                   (no boots)
Stlth   +++.......              H - amulet of reflection
HPRegen 0.20/turn               y - +6 ring of intelligence
MPRegen 0.20/turn               (no ring)

@: sanguine armoured
A: hooves 1, foul stench 1, sanguine armour 2
a: Renounce Religion


You were on level 8 of the Dungeon.
You worshipped Vehumet.
Vehumet was aware of your devotion.
You visited 2 branches of the dungeon, and saw 9 of its levels.

You collected 510 gold pieces.
You spent 111 gold pieces at shops.

Inventory:

Hand Weapons
 f - a +1 spear of distortion
 B - a +1 whip of venom
 F - the +4 lajatang "Poveasugg" (weapon) {protect, Contam rElec MP+9}
   (You acquired it on level 7 of the Dungeon)

   It grants its wielder temporary protection when it strikes (+7 to AC).
   rElec:     It insulates you from electricity.
   MP:        It affects your magic capacity (+9).
   Contam:    It causes magical contamination when unequipped.
Missiles
 e - 3 silver javelins
 t - 3 javelins
Armour
 m - a +2 cloak of willpower (worn)
 s - a +1 helmet of intelligence (worn)
 u - a +1 leather armour of poison resistance (worn)
Jewellery
 y - a +6 ring of intelligence (left hand)
 H - an amulet of reflection (around neck)
Wands
 a - a wand of digging (4)
 l - a wand of roots (3)
Scrolls
 c - a scroll of enchant weapon {unknown}
 g - a scroll of immolation
 h - a scroll of torment {unknown}
 j - a scroll of fear {unknown}
 k - 6 scrolls of identify {unknown}
 n - a scroll of silence {unknown}
 o - 2 scrolls of fog {unknown}
 q - 3 scrolls of enchant armour
 v - 3 scrolls of noise {unknown}
 w - a scroll of vulnerability
 x - a scroll of brand weapon {unknown}
 z - a scroll of teleportation {unknown}
 A - a scroll of acquirement
Potions
 b - 2 potions of magic
 d - a potion of mutation {unknown}
 i - 3 potions of might {unknown}
 r - a potion of flight {unknown}
 C - 3 potions of haste {unknown}
 D - a potion of lignification {unknown}
 E - a potion of heal wounds {unknown}
 G - 2 potions of ambrosia {unknown}


   Skills:
 + Level 4.3 Fighting
 + Level 0.2 Staves
 + Level 4.5 Dodging
 + Level 4.8 Stealth
 * Level 6.1 Spellcasting
 * Level 6.5 Conjurations
 * Level 6.5 Fire Magic


You had 13 spell levels left.
You knew the following spells:

 Your Spells              Type           Power      Damage    Failure   Level
a - Foxfire               Conj/Fire      100%       2x1d9     1%          1
b - Scorch                Fire           94%        2d10      1%          2
c - Flame Wave            Conj/Fire      46%        2d12      5%          4

Your spell library contained the following spells:

 Spells                   Type           Power      Damage    Failure   Level
 Magic Dart               Conj           100%       1d8       1%          1
 Conjure Flame            Conj/Fire      46%        6-21      1%          3
 Inner Flame              Hex/Fire       28%        N/A       6%          3
 Apportation              Tloc           16%        N/A       8%          1
 Necrotise                Necr           32%        1d5       8%          1
 Summon Small Mammal      Summ           32%        N/A       8%          1
 Tukima's Dance           Hex            8%         N/A       24%         3
 Passage of Golubria      Tloc           8%         N/A       61%         4
 Yara's Violent Unravell  Hex/Tmut       4%         3d4       91%         5


Dungeon Overview and Level Annotations

Branches:
Dungeon (8/15)             Temple (1/1) D:6
   Lair: D:8-11

Altars:
Ashenzari
Cheibriados
Dithmenos
Fedhas
Hepliaklqana
Kikubaaqudgha
Makhleb
Nemelex Xobeh
Qazlal
Ru
Sif Muna
Trog
Uskayaw
Vehumet
Wu Jian
Xom
Yredelemnul

Shops:
D:6 [(=

Annotations:
D:5 Eustachio, Grinder
D:6 2 transporters


Innate Abilities, Weirdness & Mutations

You have large cloven feet.
You may rarely emit foul miasma when damaged in melee.
When seriously injured, your blood forms thick armour. (AC +9)


Message History

Something tries to affect you, but you resist.
Casting: Foxfire (safe; 1% risk of failure)
Confirm with . or Enter, or press ? or * to list all spells.
You conjure some foxfire!
Something hits you. Something bites you but does no damage.
Casting: Foxfire (safe; 1% risk of failure)
Confirm with . or Enter, or press ? or * to list all spells.
You can't see any susceptible monsters within range! (Use Z to cast anyway.) Hit: F) +4 lajatang "Poveasugg" {protect, Contam rElec MP+9}
Press: ? - help, Dir - move target, f - you
Okay, then.
Casting: Foxfire (safe; 1% risk of failure)
Confirm with . or Enter, or press ? or * to list all spells.
Flames lash something.
The foxfire hits something!
The foxfire hits something but does no damage.
Something hits you but does no damage. Something bites you.
Something draws strength from your injuries!
Casting: Scorch (safe; 1% risk of failure)
Confirm with . or Enter, or press ? or * to list all spells.
You conjure some foxfire!
Something hits you. Something bites you.
* * * LOW HITPOINT WARNING * * *
Something draws strength from your injuries!
Casting: Foxfire (safe; 1% risk of failure)
Confirm with . or Enter, or press ? or * to list all spells.
You conjure some foxfire!
The foxfire hits something but does no damage.
Something draws life force from you!
* * * LOW HITPOINT WARNING * * *
You feel better.
The foxfire hits something but does no damage.
The foxfire hits something.
The foxfire hits something but does no damage.
Something draws life force from you!
* * * LOW HITPOINT WARNING * * *
You feel better. Something draws life force from you!
* * * LOW HITPOINT WARNING * * *
Aiming: Fastroot
Press: ? - help, Shift-Dir - straight line The roots erupt in riotous growth!
Something hits you.
You die...

#.....#...#..........#
#.....#...#..........#
#.....'...#..........#
#.....#...#..........#
#.....#...#..........#
#.....#...#.>........#
#.....#...#.....##...#
##....)#...##....##...#
.####'##...##...@#....#
......# ...#....{#....#
......# #.....#....#
......# .#.....#....#
.....)# ...#.....#....#
......#....#.....#....#
......#....#.....#....#
......##...##....#....#
......##...# #....#


There were no monsters in sight!

Vanquished Creatures
  Pikel (D:5)
  A steam dragon (D:6)
  Edmund (D:6)
  4 water moccasins
  Duvessa (D:6)
  An ice beast (D:5)
  A black bear (D:7)
  An ogre (D:6)
  A centaur (D:6)
  A phantom (D:6)
  A lemure (D:5)
  Blork the orc (D:5)
  A kobold brigand (D:6)
  2 bullfrogs
  A gnoll sergeant (D:3)
  A necrophage (D:5)
  2 scorpions
  Dowan (D:6)
  2 jellies (D:5)
  8 hounds
  Crazy Yiuf (D:2)
  2 gnoll boudas
  An iguana (D:6)
  7 orc wizards
  Robin (D:2)
  24 gnolls
  10 adders
  A white imp (D:6)
  A worm (D:6)
  A dart slug (D:2)
  13 orcs
  3 ball pythons
  4 bats
  6 endoplasms
  5 giant cockroaches
  35 goblins
  21 hobgoblins
  2 jackals (D:2)
  3 quokkas
  5 frilled lizards
  21 kobolds
  3 rats
203 creatures vanquished.

Vanquished Creatures (collateral kills)
  4 foxfires
4 creatures vanquished.

Vanquished Creatures (others)
  A bush (D:7)
  554 foxfires
  A fungus (D:1)
  17 plants
573 creatures vanquished.

Grand Total: 780 creatures vanquished

Notes
Turn   | Place    | Note
-------+----------+-------------------------------------------
     0 | D:1      | Ashen the Demonspawn Fire Elementalist began the quest for
                  | the Orb.
     0 | D:1      | Reached XP level 1. HP: 13/13 MP: 3/3
   263 | D:1      | Gained mutation: When seriously injured, your blood forms
                  | armour. (AC +9) [demonic ancestry]
   263 | D:1      | Reached XP level 2. HP: 15/19 MP: 0/5
   515 | D:1      | Found a faded altar of an unknown god.
  1099 | D:2      | Noticed Robin
  1123 | D:2      | Killed Robin
  1124 | D:2      | Gained mutation: You have large cloven feet. [demonic
                  | ancestry]
  1124 | D:2      | Reached XP level 3. HP: 25/25 MP: 2/6
  1127 | D:2      | Learned a level 2 spell: Scorch
  1226 | D:2      | Reached skill level 1 in Fighting
  1444 | D:2      | Found a runed translucent door.
  1445 | D:2      | Noticed Crazy Yiuf
  1480 | D:2      | Killed Crazy Yiuf
  1481 | D:2      | Reached XP level 4. HP: 14/32 MP: 0/7
  2478 | D:3      | Reached XP level 5. HP: 26/37 MP: 4/9
  3792 | D:4      | Gained mutation: You may rarely emit foul miasma when
                  | damaged in melee. [demonic ancestry]
  3792 | D:4      | Reached XP level 6. HP: 41/44 MP: 5/10
  4324 | D:3      | HP: 1/44 [gnoll sergeant/+5 vorpal trident (2)]
  4658 | D:3      | Learned a level 4 spell: Flame Wave
  5225 | D:5      | Entered Level 5 of the Dungeon
  5392 | D:5      | Noticed an ice beast
  5415 | D:5      | Killed an ice beast
  5416 | D:5      | Gained mutation: When seriously injured, your blood forms
                  | thick armour. (AC +9) [demonic ancestry]
  5416 | D:5      | Reached XP level 7. HP: 35/50 MP: 5/12
  5549 | D:5      | Noticed Pikel
  5716 | D:5      | Killed Pikel
  5717 | D:5      | Reached XP level 8. HP: 43/57 MP: 1/14
  5953 | D:5      | Noticed Blork the orc
  5961 | D:5      | Killed Blork the orc
  6018 | D:5      | Reached skill level 5 in Fire Magic
  6261 | D:5      | Noticed Grinder
  6607 | D:5      | Reached skill level 5 in Conjurations
  7068 | D:5      | Noticed Eustachio
  7087 | D:5      | Found a stormy altar of Qazlal.
  7715 | D:6      | Reached skill level 5 in Spellcasting
  7947 | D:6      | Noticed Duvessa
  7963 | D:6      | Killed Duvessa
  7968 | D:6      | Noticed Dowan
  7983 | D:6      | Killed Dowan
  8030 | D:6      | Reached XP level 9. HP: 56/64 MP: 3/16
  8259 | D:6      | Found Puip's Weapon Boutique.
  8264 | D:6      | Found a snail-covered altar of Cheibriados.
  8350 | D:6      | Found a transporter.
  8370 | D:6      | Found Bujebb's Jewellery Shop.
  8374 | D:6      | Noticed Edmund
  8385 | D:6      | Killed Edmund
  8606 | D:6      | Found a staircase to the Ecumenical Temple.
  8612 | Temple   | Entered the Ecumenical Temple
  8620 | Temple   | Became a worshipper of Vehumet
  8813 | D:6      | Found a transporter.
  8859 | D:6      | Found Eqa Xiju's Antique Armour Shop.
  8919 | D:6      | Bought an embroidered robe for 111 gold pieces
  9341 | D:6      | Found a basalt altar of Yredelemnul.
  9353 | D:6      | Found a shimmering blue altar of Sif Muna.
  9475 | D:7      | Found a sacrificial altar of Ru.
 10231 | D:7      | Identified 2 scrolls of acquirement
 10231 | D:7      | Acquired the +4 lajatang "Poveasugg" {protect, Contam rElec
                  | MP+9}
 10364 | D:7      | Reached * piety under Vehumet
 10364 | D:7      | Offered knowledge of Magic Dart by Vehumet.
 10465 | D:7      | Found a sparkling altar of Nemelex Xobeh.
 10818 | D:8      | HP: 1/65 [something (14)]
 10819 | D:8      | Slain by a vampire

Illustrated notes

Levels and vault maps discovered:
D:1:      spicycebolla_arrival_clurvy, layout_loops_cross,
          shapermc_ecumenical_altar_ellora, corexii_corridor_pit,
          lexackson_kobold_supper
D:2:      layout_basic, kennysheep_cross_room, dk_vineyard_2,
          minmay_tetromino_l4, uniq_crazy_yiuf_cottage, uniq_robin
D:3:      layout_loops_ring
D:4:      layout_gridville
D:5:      minmay_goblin_kobold_castle, layout_cave_pods, general_overflow_altar,
          st_stairs_11, chequers_big_river, uniq_grinder, uniq_eustachio,
          uniq_blork_the_orc, uniq_pikel
D:6:      gammafunk_cloud_chamber, layout_basic,
          amethyst_overflow_temple_binary, slow_altar_1,
          minmay_temple_entry_waves, serial_shops, kennysheep_mini_moat,
          nicolae_inconvenience_store, shop, hangedman_decor_push, uniq_duvessa,
          uniq_edmund
D:7:      layout_basic, mainiacjoe_overflow_small_starburst,
          mainiacjoe_overflow_catch_the_wave, minmay_fountain_box
D:8:      layout_gridville, lair_entry_dummy, ebering_ghost_gozag, uniq_erica
Temple:   nicolae_temple_no_exploring_needed

Skill      XL: |  1  2  3  4  5  6  7  8  9 |
---------------+----------------------------+-----
Stealth        | 2 3 4 |  4.8
Dodging        | 2 3 4 |  4.5
Fire Magic     | 3 4 5 6 |  6.5
Fighting       | 1 2 3 4 |  4.3
Conjurations   | 2 3 4 5 6 |  6.5
Spellcasting   | 3 4 5 6 |  6.1
Staves         | |  0.2

Action                   |  1- 3 |  4- 6 |  7- 9 || total
-------------------------+-------+-------+-------++-------
Melee: Unarmed           |    27 |       |       ||    27
       Dagger            |    10 |    20 |       ||    30
       Kick              |     1 |     6 |    45 ||    52
       Whip              |       |    18 |    98 ||   116
       Lajatang          |       |       |     7 ||     7
 Cast: Foxfire           |    46 |   102 |   178 ||   326
       Scorch            |       |     6 |    28 ||    34
       Flame Wave        |       |       |     2 ||     2
Evoke: Wand              |       |     1 |     1 ||     2
  Use: Potion            |       |       |     5 ||     5
       Scroll            |       |       |     4 ||     4
 Stab: Sleeping          |     2 |       |     1 ||     3
Armor: Robe              |    11 |     5 |       ||    16
       Leather armour    |       |     9 |    40 ||    49
Dodge: Dodged            |    29 |    35 |    93 ||   157
